 Dungeon Crawl Stone Soup version 0.29-a0-330-g52719c12eb (webtiles) character file.

Game seed: 11833127181631704274

181 Crownlay the Firebug (level 5, -5/37 HPs)
             Began as a Gnoll Fire Elementalist on May 3, 2022.
             Slain by Sigmund
             ... wielding a +0 scythe of protection
              (11 damage)
             ... on level 4 of the Dungeon.
             The game lasted 00:05:49 (3202 turns).

Crownlay the Firebug (Gnoll Fire Elementalist)      Turns: 3202, Time: 00:05:50

Health: -5/37      AC:  2    Str:  7    XL:     5   Next: 61%
Magic:  9/12       EV: 13    Int: 17    God:
Gold:   1          SH:  0    Dex: 12    Spells: 4/14 levels left

rFire   . . .      SeeInvis .   g - +4 short sword
rCold   . . .      Faith    .   (no shield)
rNeg    . . .      Spirit   .   a - +0 robe
rPois   .          Reflect  .   (no helmet)
rElec   .          Harm     .   (no cloak)
rCorr   .          Rampage  .   (no gloves)
Will    .....                   (no boots)
Stlth   +++.......              (no amulet)
HPRegen 0.12/turn               k - ring of flight
MPRegen 0.13/turn               (no ring)

@: flying
A: fangs 1, strong nose, distributed training
a: no special abilities


You were on level 4 of the Dungeon.
You visited 1 branch of the dungeon, and saw 4 of its levels.

You collected 169 gold pieces.
You spent 168 gold pieces at shops.

Inventory:

Hand Weapons
 g - a +4 short sword (weapon)
Armour
 a - a +0 robe (worn)
 l - a +0 pair of gloves
Jewellery
 k - a ring of flight (left hand)
Scrolls
 d - a scroll of summoning
 j - 3 scrolls of teleportation
 n - a scroll of fear
 q - a scroll of silence {unknown}
 r - a scroll of identify
 s - a scroll of enchant weapon {unknown}
Potions
 b - a potion of magic
 c - 3 potions of attraction {unknown}
 e - a potion of might {unknown}
 f - 2 potions of curing
 h - 3 potions of degeneration {unknown}
 i - a potion of mutation {unknown}
 m - 3 potions of lignification {unknown}
 o - 2 potions of haste {unknown}
 p - a potion of flight {unknown}
 t - a potion of berserk rage {unknown}


   Skills:
 + Level 1.5 Fighting
 + Level 1.5 Short Blades
 + Level 1.5 Long Blades
 + Level 1.5 Axes
 + Level 1.5 Maces & Flails
 + Level 1.5 Polearms
 + Level 1.5 Staves
 + Level 1.5 Slings
 + Level 1.5 Bows
 + Level 1.5 Crossbows
 + Level 1.5 Throwing
 + Level 1.5 Armour
 + Level 4.8 Dodging
 + Level 4.4 Stealth
 + Level 1.5 Shields
 + Level 1.5 Unarmed Combat
 + Level 5.2 Spellcasting
 + Level 2.4 Conjurations
 + Level 1.2 Hexes
 + Level 1.2 Summonings
 + Level 1.2 Necromancy
 + Level 1.2 Translocations
 + Level 1.2 Transmutations
 + Level 5.5 Fire Magic
 + Level 1.2 Ice Magic
 + Level 1.2 Air Magic
 + Level 1.2 Earth Magic
 + Level 1.2 Poison Magic
 + Level 1.7 Invocations
 + Level 1.5 Evocations


You had 4 spell levels left.
You knew the following spells:

 Your Spells              Type           Power      Damage    Failure   Level
a - Foxfire               Conj/Fire      72%        2x1d7     2%          1
b - Scorch                Fire           46%        2d7       2%          2
c - Inner Flame           Hex/Fire       16%        N/A       11%         3
d - Flame Wave            Conj/Fire      18%        2d6       26%         4

Your spell library contained the following spells:

 Spells                   Type           Power      Damage    Failure   Level
 Conjure Flame            Conj/Fire      18%        6-21      9%          3
 Ensorcelled Hibernation  Hex/Ice        16%        N/A       13%         2
 Spider Form              Tmut/Pois      8%         N/A       26%         3
 Anguish                  Hex/Necr       4%         N/A       63%         4
 Iskenderun's Battlesphe  Conj           12%        2d7       80%         5
 Iron Shot                Conj/Erth      5%         9d2       100%        6
 Summon Cactus Giant      Summ           4%         N/A       100%        6
 Spellforged Servitor     Conj/Summ      5%         N/A       100%        7


Dungeon Overview and Level Annotations

Branches:
Dungeon (4/15)
 Temple: D:4-7

Altars:
Qazlal

Shops:
D:1 *   D:3 (   D:4 *

Annotations:
D:4 Sigmund


Innate Abilities, Weirdness & Mutations

You have very sharp teeth.
Your uncanny sense of smell can sniff out nearby items.
Your experience applies equally to all skills.


Message History

You see here a +0 hand axe.
Found 3 poisoned darts.
Sigmund the Dreaded comes into view.
He is wielding a +0 scythe of protection.
You conjure some foxfire!
Sigmund shouts!
Sigmund says, "Your kind have come here before.
I understand now why.
You desire death..."
Sigmund casts a spell.
Sigmund flickers and vanishes!
Deactivating autopickup; reactivate with Ctrl-A.
Casting: Foxfire (safe; 2% risk of failure)
Confirm with . or Enter, or press ? or * to list all spells.
You can't see any susceptible monsters within range! (Use Z to cast anyway.)
The foxfire hits something.
The foxfire hits something but does no damage.
You conjure some foxfire!
A scorpion comes into view.
Something hits you but does no damage.
The foxfire hits something but does no damage.
The foxfire hits something.
You conjure some foxfire!
Something hits you!
The foxfire hits something but does no damage.
The foxfire hits something.
Something completely misses you.
You conjure some foxfire!
The foxfire hits something but does no damage.
The foxfire hits something.
You hear some strange, mumbled words.
You are confused.
You're too confused to cast spells.
You're too confused to cast spells.
Sorry, you're not good enough to have a special ability.
Something barely misses you. Something hits you!
You bump into the rock wall.
Something hits you!
* * * LOW HITPOINT WARNING * * *
Something hits you.
* * * LOW HITPOINT WARNING * * *
You miss something.
You feel less confused. Something hits you!
You die...

.........))...............
#######.##################
#...# # #.#.## .. ...#..#
... #.## ##.# .... # #.#
..... #.##......
#.@{s..... ####......
..... #.## .# . .# .# .# #


You could see a scorpion.

Vanquished Creatures
  A hound (D:4)
  A jelly (D:3)
  5 adders
  3 worms
  8 orcs
  6 bats
  An endoplasm (D:4)
  2 giant cockroaches
  6 goblins
  4 hobgoblins
  2 jackals (D:1)
  8 kobolds
  A quokka (D:1)
  3 ball pythons
  3 frilled lizards
  4 rats
58 creatures vanquished.

Vanquished Creatures (others)
  193 foxfires
193 creatures vanquished.

Grand Total: 251 creatures vanquished

Notes
Turn   | Place    | Note
-------+----------+-------------------------------------------
     0 | D:1      | Crownlay the Gnoll Fire Elementalist began the quest for
                  | the Orb.
     0 | D:1      | Reached XP level 1. HP: 13/13 MP: 6/6
   176 | D:1      | Reached XP level 2. HP: 19/19 MP: 3/7
   765 | D:1      | Reached XP level 3. HP: 25/25 MP: 5/9
   768 | D:1      | Learned a level 2 spell: Scorch
   772 | D:1      | Learned a level 3 spell: Inner Flame
   799 | D:1      | Found Vurues's General Store.
   807 | D:1      | Bought a scroll of identify for 20 gold pieces
   807 | D:1      | Bought a scroll of identify for 20 gold pieces
  1008 | D:2      | Reached skill level 5 in Spellcasting
  1050 | D:2      | Reached skill level 1 in Invocations
  1305 | D:2      | Found a stormy altar of Qazlal.
  1330 | D:2      | You fall into a shaft and drop 1 floor!
  1334 | D:3      | Reached skill level 1 in Fighting
  1334 | D:3      | Reached skill level 1 in Short Blades
  1334 | D:3      | Reached skill level 1 in Long Blades
  1334 | D:3      | Reached skill level 1 in Axes
  1334 | D:3      | Reached skill level 1 in Maces & Flails
  1334 | D:3      | Reached skill level 1 in Polearms
  1334 | D:3      | Reached skill level 1 in Staves
  1334 | D:3      | Reached skill level 1 in Slings
  1334 | D:3      | Reached skill level 1 in Bows
  1334 | D:3      | Reached skill level 1 in Crossbows
  1334 | D:3      | Reached skill level 1 in Throwing
  1334 | D:3      | Reached skill level 1 in Armour
  1334 | D:3      | Reached skill level 1 in Shields
  1334 | D:3      | Reached skill level 1 in Unarmed Combat
  1334 | D:3      | Reached skill level 1 in Evocations
  1389 | D:3      | Reached XP level 4. HP: 32/32 MP: 6/11
  1545 | D:3      | Found Coet Uje's Antique Weapon Shoppe.
  1638 | D:3      | Found a faded altar of an unknown god.
  1809 | D:2      | Identified the +1 chain mail of Zefal {Str+3 Int+3}
  2062 | D:1      | Bought a scroll of summoning for 95 gold pieces
  2156 | D:3      | Reached skill level 1 in Hexes
  2156 | D:3      | Reached skill level 1 in Summonings
  2156 | D:3      | Reached skill level 1 in Necromancy
  2156 | D:3      | Reached skill level 1 in Translocations
  2156 | D:3      | Reached skill level 1 in Transmutations
  2156 | D:3      | Reached skill level 1 in Ice Magic
  2156 | D:3      | Reached skill level 1 in Air Magic
  2156 | D:3      | Reached skill level 1 in Earth Magic
  2156 | D:3      | Reached skill level 1 in Poison Magic
  2342 | D:3      | Identified the +1 robe "Ulioqy" {Int-2 Dex+4 SInv}
  2383 | D:3      | Reached XP level 5. HP: 37/37 MP: 5/12
  2388 | D:3      | Learned a level 4 spell: Flame Wave
  2952 | D:4      | Found Zaenion's General Store.
  3016 | D:4      | Bought a potion of curing for 33 gold pieces
  3186 | D:4      | Noticed Sigmund
  3202 | D:4      | Slain by Sigmund

Illustrated notes

Levels and vault maps discovered:
D:1:      amcnicky_arrival_wind_blow, layout_basic, serial_shops,
          nicolae_shop_advertising_works [nicolae_subvault_shop_adworks]
D:2:      layout_basic, basic_altar, minmay_misc_feat_roman
D:3:      layout_basic, chequers_ecumenical_altar_simple_redux, serial_shops,
          nicolae_shop_behind_doors
D:4:      layout_rooms, mainiacjoe_overflow_alcove_1, serial_shops,
          nicolae_square_shop, nicolae_diamond_shop, shop,
          nicolae_shop_window_shopping, hangedman_minor_gate_pass, uniq_sigmund,
          uniq_edmund

Skill      XL: |  1  2  3  4 |
---------------+-------------+-----
Conjurations   | 2 |  2.4
Spellcasting   | 5 |  5.2
Invocations    | 1 |  1.7
Fighting       | 1 |  1.5
Short Blades   | 1 |  1.5
Long Blades    | 1 |  1.5
Axes           | 1 |  1.5
Maces & Flails | 1 |  1.5
Polearms       | 1 |  1.5
Staves         | 1 |  1.5
Slings         | 1 |  1.5
Bows           | 1 |  1.5
Crossbows      | 1 |  1.5
Throwing       | 1 |  1.5
Armour         | 1 |  1.5
Shields        | 1 |  1.5
Unarmed Combat | 1 |  1.5
Evocations     | 1 |  1.5
Hexes          | 1 |  1.2
Summonings     | 1 |  1.2
Necromancy     | 1 |  1.2
Translocations | 1 |  1.2
Transmutations | 1 |  1.2
Ice Magic      | 1 |  1.2
Air Magic      | 1 |  1.2
Earth Magic    | 1 |  1.2
Poison Magic   | 1 |  1.2
Dodging        | |  4.8
Stealth        | |  4.4
Fire Magic     | |  5.5

Action                   |  1- 3 |  4- 6 || total
-------------------------+-------+-------++-------
Melee: Short sword       |     4 |    16 ||    20
       Bite              |       |     1 ||     1
 Cast: Foxfire           |    59 |    60 ||   119
       Scorch            |       |     5 ||     5
  Use: Scroll            |     2 |     2 ||     4
Armor: Robe              |     4 |     4 ||     8
Dodge: Dodged            |     8 |    17 ||    25

Table legend: (Time is in decaauts)
 A = Elapsed time spent in this place.
 B = Non-inter-level travel time spent in this place.
 C = Inter-level travel time spent in this place.
 D = Time resting spent in this place.
 E = Time spent auto-exploring this place.
 F = Levels seen in this place.
 G = Mean time per level.
                   A        B        C        D        E       F      G
               +--------+--------+--------+--------+--------+-----+--------+
         Total |   3203 |   2940 |    263 |      0 |   2513 |   4 |  800.8 |
       Dungeon |   3203 |   2940 |    263 |      0 |   2513 |   4 |  800.8 |
               +--------+--------+--------+--------+--------+-----+--------+

Top non-repeatable levels by time:
     D:3: 1310 daAuts
     D:1: 1015 daAuts
     D:2: 586 daAuts
     D:4: 290 daAuts
